 Dungeon Crawl Stone Soup version 0.30-b1-2-g02819fbbbe (webtiles) character file.

Game seed: 1940556744425314067

204022 redmage the Bludgeoner (level 19, -10/200 HPs)
             Began as a Meteoran Ice Elementalist on July 25, 2023.
             Was the Champion of Cheibriados.
             Mangled by a rockslime (35 damage)
             ... on level 5 of the Pits of Slime.
             The game lasted 02:57:43 (9511 turns).

redmage the Bludgeoner (Meteoran Ice Elementalist)  Turns: 9511, Time: 02:57:43

Health: -10/200    AC: 25    Str: 24 (25) XL:     19   Next: 49%
Magic:  4/33       EV: 24    Int: 40      God:    Cheibriados [******]
Gold:   352        SH: 17    Dex: 31      Spells: 12/37 levels left

rFire   + . .        a - +2 morningstar (flame)
rCold   + . .        J - +2 kite shield {rF+}
rNeg    + + .        t - melded +1 troll leather armour
rPois   ∞            R - -2 hat of the Alchemist {rElec rPois rF+ rC+ rN+ Will+ rMut rCorr}
rElec   +            c - +2 cloak
rCorr   +            (gloves currently unavailable)
SInv    .            A - melded +2 pair of boots of the Shore {rF+ rC+ Dex-3}
Will    +++..        i - amulet of the acrobat
Stlth   ++           O - +4 ring of slaying
HPRegen 0.53/turn    f - ring "Neyv" {Wiz Slay+6 Stlth+}
MPRegen 0.23/turn

%: acrobat, resist mutation, wizardry (x1)
@: about to teleport, statue-form, corroded, freezing walls, glowing, very slow
A: slow and powerful, torment resistance 1, boosted hp, sense surroundings 3,
otherworldly, glowing, explore regen, deterioration 1, wild magic 1, no potion
heal 1, heat vulnerability 1
}: 2/15 runes: decaying, serpentine
a: End Transformation, Renounce Religion, Bend Time, Temporal Distortion,
Slouch, Step From Time


You were on level 5 of the Pits of Slime.
You worshipped Cheibriados.
Cheibriados was exalted by your worship.
You were a living statue of rough stone.
You visited 7 branches of the dungeon, and saw 35 of its levels.
You also visited: Gauntlet.

You collected 1960 gold pieces.
You spent 1608 gold pieces at shops.

Inventory:

Hand Weapons
 a - a +2 morningstar of flaming (weapon)
Missiles
 e - 12 curare-tipped darts
 B - 8 javelins (quivered)
 K - 13 throwing nets
 N - 5 boomerangs
Armour
 c - a +2 cloak (worn)
 m - the +1 hat "Cilius" {Int+7 Dex-3 Slay+5}
   (You found it on level 2 of the Swamp)

   Int:       It affects your intelligence (+7).
   Dex:       It affects your dexterity (-3).
   Slay:      It affects your accuracy & damage with ranged weapons and melee
   (+5).
 t - a +1 troll leather armour (melded)
 w - a scarf of shadows
 A - the +2 pair of boots of the Shore (melded) {rF+ rC+ Dex-3}
   (You found it on level 2 of the Swamp)

   Dex:       It affects your dexterity (-3).
   rF:        It protects you from fire.
   rC:        It protects you from cold.
 E - the +0 fire dragon scales of Ihenag {rF++ rC- SInv Stlth+}
   (You took it off a minotaur in a Gauntlet)

   rF:        It greatly protects you from fire.
   rC:        It makes you vulnerable to cold.
   SInv:      It lets you see invisible.
   Stlth:     It makes you more stealthy.
 J - a +2 kite shield of fire resistance (worn)
 R - the -2 hat of the Alchemist (worn) {rElec rPois rF+ rC+ rN+ Will+ rMut rCorr}
   (You bought it in a shop on level 7 of the Dungeon)

   rF:        It protects you from fire.
   rC:        It protects you from cold.
   rElec:     It insulates you from electricity.
   rPois:     It protects you from poison.
   rN:        It protects you from negative energy.
   rCorr:     It protects you from acid and corrosion.
   rMut:      It protects you from mutation.
   Will:      It increases your willpower.
Magical Staves
 r - a staff of earth
Jewellery
 f - the ring "Neyv" (right fist) {Wiz Slay+6 Stlth+}
   (You acquired it on level 4 of the Swamp)

   [ring of wizardry]

   It improves your spell success rate.
   Slay:      It affects your accuracy & damage with ranged weapons and melee
   (+6).
   Stlth:     It makes you more stealthy.
 i - an amulet of the acrobat (around neck)
 y - an amulet of reflection
 O - a +4 ring of slaying (left fist)
 T - a +5 ring of evasion
Wands
 v - a wand of roots (9)
 C - a wand of charming (14)
 F - a wand of digging (14)
 M - a wand of mindburst (18)
Scrolls
 j - 2 scrolls of enchant armour
 l - 2 scrolls of teleportation
 p - 5 scrolls of enchant weapon
 x - 3 scrolls of blinking
 z - a scroll of fear
 D - 2 scrolls of magic mapping
 H - 2 scrolls of poison
 I - 2 scrolls of vulnerability
 L - a scroll of butterflies
Potions
 b - a potion of attraction
 d - 5 potions of brilliance
 g - 12 potions of curing
 h - 7 potions of might
 o - 4 potions of lignification
 q - 5 potions of mutation
 s - 2 potions of heal wounds
 u - a potion of berserk rage
 G - a potion of cancellation {unknown}
 Q - 2 potions of ambrosia {unknown}


   Skills:
 - Level 10.0 Fighting
 - Level 5.3(10.5) Axes
 + Level 15.1(15.5) Maces & Flails
 - Level 4.2 Throwing
 - Level 7.9 Armour
 - Level 11.6 Dodging
 - Level 4.5 Stealth
 - Level 10.9 Shields
 - Level 9.5 Spellcasting
 - Level 4.0 Summonings
 - Level 12.0 Transmutations
 * Level 12.6 Ice Magic
 - Level 13.9 Earth Magic
 - Level 15.0 Invocations


You had 12 spell levels left.
You knew the following spells:

 Your Spells              Type           Power      Damage    Failure   Level
a - Freeze                Ice            100%       1d10      1%          1
b - Frozen Ramparts       Ice            100%       1d16      1%          3
c - Ozocubu's Refrigerat  Ice            51%        4d18      9%          7
d - Summon Ice Beast      Ice/Summ       84%        N/A       1%          4
e - Petrify               Tmut/Erth      100%       N/A       1%          4
z - Statue Form           Tmut/Erth      68%        N/A       1%          6

Your spell library contained the following spells:

 Spells                   Type           Power      Damage    Failure   Level
 Ensorcelled Hibernation  Hex/Ice        100%       N/A       1%          2
 Hailstorm                Conj/Ice       74%        3d15      1%          3
 Ozocubu's Armour         Ice            100%       N/A       1%          3
 Spider Form              Tmut/Pois      72%        N/A       1%          3
 Ice Form                 Ice/Tmut       100%       N/A       1%          4
 Leda's Liquefaction      Hex/Erth       38%        N/A       1%          4
 Lee's Rapid Deconstruct  Erth           53%        3d25*     1%          5
 Magic Dart               Conj           96%        1d7       2%          1
 Necrotise                Necr           96%        1d8       2%          1
 Searing Ray              Conj           48%        2d6       3%          2
 Sublimation of Blood     Necr           24%        N/A       3%          2
 Irradiate                Conj/Tmut      36%        3d23      4%          5
 Yara's Violent Unravell  Hex/Tmut       36%        3d15      4%          5
 Dazzling Flash           Conj/Hex       48%        N/A       6%          3
 Inner Flame              Hex/Fire       24%        N/A       6%          3
 Vampiric Draining        Necr           24%        2d7       6%          3
 Volatile Blastmotes      Fire/Tloc      48%        2d14      6%          3
 Anguish                  Hex/Necr       12%        N/A       16%         4
 Flame Wave               Conj/Fire      24%        2d8       16%         4
 Fulminant Prism          Conj/Hex       12%        3d9       16%         4
 Iskenderun's Mystic Bla  Conj/Tloc      24%        2d7       16%         4
 Sticky Flame             Conj/Fire      24%        2d5       16%         4
 Simulacrum               Ice/Necr       37%        N/A       19%         6
 Agony                    Necr           24%        N/A       38%         5
 Starburst                Conj/Fire      12%        6d5       89%         6
 Enfeeble                 Hex            12%        N/A       100%        7
 Polar Vortex             Ice            51%        N/A       100%        9


Dungeon Overview and Level Annotations

Branches:
Dungeon (14/15) Zot: 6471  Temple (1/1) D:5 Zot: 853    Lair (5/5) D:10 Zot: 1617
  Swamp (4/4) Lair:2 Zot: 1182   Snake (4/4) Lair:3 Zot: 1054   Slime (5/5) Lair:5 Zot: 4163
    Orc (2/2) D:9 Zot: 188     Elf (0/3) Orc:2        Vaults (0/5) D:13
Gauntlet (visited)

Altars:
Cheibriados
Dithmenos
Elyvilon
Fedhas
Gozag
Hepliaklqana
Kikubaaqudgha
Makhleb
Nemelex Xobeh
Okawaru
Qazlal
Ru
Trog
Uskayaw
Vehumet
Xom
Yredelemnul
Zin
The Shining One
Jiyva

Shops:
D:7 ==[(:*   Orc:1 !   Snake:1 (

Annotations:
Temple 2 transporters
Lair:4 exclusion: oklob plant
Swamp:3 1 runed translucent door, swinepaste's ghost, journeyman DsMo
Snake:2 Vashnia
Slime:5 Royal Jelly


Innate Abilities, Weirdness & Mutations

You are a living statue of rough stone.
Your actions are slow, but your melee attacks are powerful.
You are resistant to unholy torment.
Your maximum health is greatly increased.
You are immune to poison.
Your equipment is partially melded.
You passively map a large area around you.
You are easily found by Zot.
You glow in the dark.
You regain HP and MP as you explore.
Your body sometimes deteriorates upon taking damage.
Your spells are a little harder to cast, but a little more powerful.
Potions are less effective at restoring your health.
You are vulnerable to heat. (rF-)


Message History

You block the rockslime's attack.
A very large slime creature splits.
The wall freezes the slime creature!
The wall freezes the rockslime.
The rockslime hits you!!
* * * LOW HITPOINT WARNING * * *
You hold your ground!
The wall freezes the acid blob.
The acid blob hits you but does no damage.
The wall freezes the acid blob!
The wall freezes the acid blob.
The wall freezes the rockslime but does no damage.
You block the rockslime's attack.
An acid blob comes into view.
Unknown command.
As you read the scroll of teleportation, it crumbles to dust.
You feel strangely unstable.
A quicksilver ooze comes into view.
Two slime creatures merge to form a titanic slime creature.
The wall freezes the rockslime.
You block the rockslime's attack.
The wall freezes the slime creature.
The wall freezes the acid blob!
The acid blob spits acid at you. The splash of acid hits you! You resist.
* * * LOW HITPOINT WARNING * * *
The acid corrodes you!
The wall freezes the acid blob.
The wall freezes the acid blob!
You kill the acid blob!
Cheibriados appreciates the change of pace.
The wall freezes the rockslime but does no damage.
The rockslime hits you but does no damage.
The wall freezes the rockslime but does no damage.
The rockslime hits you.
* * * LOW HITPOINT WARNING * * *
You hold your ground!
The wall freezes the slime creature!
The wall freezes the acid blob!
You block the acid blob's attack.
The wall freezes the acid blob!
The quicksilver ooze moves out of view.
The large slime creature quivers.
Unknown command.
Your system partially rejects the healing.
You feel much better.
The wall freezes the rockslime but does no damage.
You block the rockslime's attack.
The wall freezes the rockslime!
The rockslime hits you!!
You die...

,
.......................
,,
,.......................
,
,.......J...............
, ,,
.......JJ..............
,
,.......JJJJ............
,
,..#####J####J..........
, ,, , #JJ#
,##.......... , , , ,
#J##, ,##......... , ,,
, #8J# , ##........ ,
,*#?)(:$##J#$:φ"[
#...... ,
*#??=:##JJ##)[/( , , , ,
##([#)#G##)#?(# , ,, ,
######J.###### , , ,
..#........#.., , , , ,,
.#...#._..#...# , , , ,
, * ######..###### * , *
* *, * , *,,


You could see the Royal Jelly, 4 acid blobs, an azure jelly, a titanic slime
creature, a large slime creature, 2 slime creatures, 4 rockslimes and a shining
eye.

Vanquished Creatures
  5 acid blobs
  2 azure jellies
  A rockslime (Lair:5)
  A nagaraja (Snake:4)
  The ghost of Manslay the Eclecticist, an adept OpCj of Sif Muna (Swamp:2)
  A dire elephant (Lair:5)
  4 eleionomae (Swamp:2)
  A minotaur (Gauntlet)
  4 bunyips
  An ice dragon (Swamp:4)
  2 ghost crabs (Swamp:3)
  Erica (D:10)
  9 hydras
  4 boulder beetles
  8 anacondas
  A merfolk avatar (Lair:5)
  4 two-headed ogres
  6 alligators
  3 death yaks (Lair:5)
  A centaur warrior (D:13)
  8 naga warriors
  A tengu warrior (D:11)
  8 naga sharpshooters
  6 spriggans
  8 shock serpents
  Amaemon (D:9)
  4 sixfirhies (Gauntlet)
  2 goliath frogs (Swamp:2)
  4 salamander mystics
  A bog body (Swamp:1)
  A swamp dragon (Swamp:1)
  Pikel (D:7)
  2 spriggan druids
  A deep elf pyromancer (D:12)
  6 lindwurms
  A naga ritualist (Snake:4)
  A harpy (Lair:5)
  7 mana vipers
  3 necromancers
  4 orc knights
  5 shining eyes
  An ugly thing (D:13)
  2 cyclopes (D:12)
  11 salamanders
  A moth of wrath (Swamp:2)
  3 elephants
  2 will-o-the-wisps
  17 black mambas
  9 guardian serpents
  A gargoyle (D:11)
  7 naga magi
  6 cane toads
  An eye of devastation (Slime:5)
  An orange demon (D:8)
  An orc skeleton (Orc:1)
  2 komodo dragons (Lair:5)
  4 freezing wraiths (Swamp:4)
  2 rime drakes
  3 polar bears (Lair:5)
  3 trolls
  11 tyrant leeches
  3 wind drakes (Lair:5)
  7 hornets
  13 blink frogs
  3 dream sheep (Lair:5)
  A tarantella (Snake:4)
  32 slime creatures
  A vampire (D:10)
  An orc zombie (Orc:1)
  2 shadows (D:11)
  2 wraiths
  7 wyverns
  11 yaks
  2 basilisks
  2 vampire mosquitoes (D:12)
  2 steam dragons
  6 swamp worm simulacra (Swamp:4)
  Grum (D:7)
  Menkaure (D:7)
  2 wargs
  2 acid dragons
  25 nagas
  11 swamp worms
  13 hydra simulacra (Swamp:4)
  6 water moccasins
  10 orc warriors
  2 swamp drakes
  An ice beast (D:7)
  A black bear (D:10)
  15 wolves
  An ogre (Orc:2)
  3 boggarts (D:13)
  A bullfrog (Lair:2)
  3 gnoll sergeants (D:7)
  A cyclops skeleton (Orc:1)
  3 killer bees (D:7)
  6 howler monkeys
  An electric eel (Snake:1)
  A lava snake (D:10)
  10 hounds (D:7)
  12 orc priests
  Crazy Yiuf (D:6)
  2 gnoll boudas
  3 iguanas
  7 orc wizards
  An ogre skeleton (Orc:1)
  43 gnolls
  6 adders
  2 shadow imps
  2 swamp drake simulacra (Swamp:4)
  An ufetubus (D:7)
  40 orcs
  2 bats
  3 endoplasms
  A giant cockroach (D:3)
  3 goblins
  2 hobgoblins
  5 jackals
  6 kobolds
  A frilled lizard (D:3)
  A spectral weapon (D:13)
582 creatures vanquished.

Vanquished Creatures (collateral kills)
  A rockslime (Slime:2)
  A bunyip (Swamp:4)
  An ice dragon (Swamp:4)
  A salamander tyrant (Snake:4)
  A hydra (Lair:3)
  A tengu warrior (D:11)
  3 alligators
  2 boulder beetles (D:12)
  Sonja (Lair:2)
  A shock serpent (Snake:1)
  2 salamander mystics (Snake:4)
  A skyshark (Lair:5)
  3 goliath frogs
  A lindwurm (Snake:4)
  A salamander (Snake:4)
  A will-o-the-wisp (Swamp:2)
  An orc sorcerer (Orc:1)
  A cyclops (D:11)
  A guardian serpent (Snake:4)
  2 elephants (Lair:5)
  Maurice (Orc:1)
  A black mamba (Lair:2)
  2 cane toads
  A rime drake (Lair:5)
  A troll (D:10)
  4 blink frogs
  A wind drake (Lair:5)
  2 tyrant leeches (Swamp:2)
  9 slime creatures
  A vampire (D:13)
  A wyvern (Lair:5)
  2 wraiths
  A basilisk (Lair:2)
  7 yaks
  An acid dragon (D:10)
  3 wargs (Orc:1)
  3 swamp worms
  2 nagas
  A vampire mosquito (D:12)
  A hydra simulacrum (Swamp:4)
  3 water moccasins
  An orc warrior (Orc:1)
  2 boggarts (D:13)
  A kobold brigand (D:8)
  3 bullfrogs
  2 gnoll sergeants
  A cyclops zombie (Orc:1)
  A killer bee (D:7)
  A howler monkey (D:9)
  2 hounds (D:7)
  5 orc priests (Orc:2)
  A gnoll bouda (D:7)
  An iguana (D:7)
  An ogre skeleton (Orc:1)
  10 gnolls
  An orc simulacrum (Orc:1)
  12 orcs
120 creatures vanquished.

Vanquished Creatures (others)
  A naga warrior (Snake:3)
  A salamander (Snake:3)
  A bloated husk (Swamp:4)
  3 dream sheep (Lair:5)
  A jelly (D:7)
  3 gnolls (D:7)
  18 foxfires
  17 fungi
  41 plants
  23 withered plants (Lair:5)
109 creatures vanquished.

Grand Total: 811 creatures vanquished

Notes
Turn   | Place    | Note
-------+----------+-------------------------------------------
     0 | D:1      | redmage the Meteoran Ice Elementalist began the quest for
                  | the Orb.
     0 | D:1      | Reached XP level 1. HP: 14/14 MP: 5/5
    75 | D:3      | Found a sparkling altar of Nemelex Xobeh.
    78 | D:3      | Reached XP level 2. HP: 20/20 MP: 4/7
   100 | D:3      | Reached skill level 5 in Ice Magic
   100 | D:3      | Reached XP level 3. HP: 22/26 MP: 2/8
   104 | D:3      | Learned a level 3 spell: Frozen Ramparts
   108 | D:3      | Learned a level 3 spell: Ozocubu's Armour
   192 | D:3      | Reached XP level 4. HP: 19/33 MP: 0/10
   295 | D:3      | Reached XP level 5. HP: 38/38 MP: 7/11
   321 | D:2      | Learned a level 4 spell: Summon Ice Beast
   416 | D:4      | Reached XP level 6. HP: 37/45 MP: 9/13
   426 | D:5      | Entered Level 5 of the Dungeon
   429 | D:5      | Found a staircase to the Ecumenical Temple.
   437 | Temple   | Entered the Ecumenical Temple
   437 | Temple   | Found a transporter.
   437 | Temple   | Found a transporter.
   439 | Temple   | Found a transporter.
   439 | Temple   | Found a transporter.
   450 | Temple   | Became a worshipper of Cheibriados the Contemplative
   474 | D:5      | Noticed a water moccasin
   480 | D:5      | Killed a water moccasin
   481 | D:5      | Reached skill level 1 in Maces & Flails
   481 | D:5      | Reached skill level 1 in Summonings
   560 | D:5      | Found a radiant altar of Vehumet.
   583 | D:6      | Reached XP level 7. HP: 44/50 MP: 8/15
   595 | D:6      | Found a runed translucent door.
   596 | D:6      | Noticed Crazy Yiuf
   604 | D:6      | Killed Crazy Yiuf
   671 | D:6      | Reached skill level 5 in Spellcasting
   723 | D:7      | Found Edgho's General Store.
   723 | D:7      | Found Waden's Antique Armour Shop.
   728 | D:7      | Bought a shiny buckler for 135 gold pieces
   746 | D:7      | Bought a scroll of teleportation for 42 gold pieces
   758 | D:7      | Found a flagged portal.
   763 | D:7      | Reached * piety under Cheibriados
   772 | D:7      | Found Lepec's Book Shop.
   819 | D:7      | Reached skill level 1 in Shields
   821 | D:7      | Reached XP level 8. HP: 46/57 MP: 2/17
   830 | D:7      | Found Felekk's Jewellery Shop.
   834 | D:7      | Noticed Menkaure
   841 | D:7      | Killed Menkaure
  1065 | D:9      | Reached ** piety under Cheibriados
  1082 | D:9      | Found a staircase to the Orcish Mines.
  1084 | D:9      | Gained mutation: You passively map the area around you.
                  | [Meteoran growth]
  1084 | D:9      | Reached XP level 9. HP: 63/63 MP: 15/19
  1120 | Orc:1    | Entered Level 1 of the Orcish Mines
  1123 | Orc:1    | Noticed a necromancer
  1123 | Orc:1    | Noticed a necromancer
  1137 | Orc:1    | Reached skill level 1 in Fighting
  1137 | Orc:1    | Reached skill level 1 in Armour
  1187 | D:10     | Entered Level 10 of the Dungeon
  1228 | D:10     | Noticed a troll
  1236 | D:10     | Killed a troll
  1237 | D:10     | Reached skill level 5 in Maces & Flails
  1351 | D:10     | Noticed Erica
  1541 | D:11     | Reached XP level 10. HP: 57/77 MP: 11/20
  1551 | D:11     | Noticed a cyclops
  1575 | D:10     | Reached *** piety under Cheibriados
  1777 | D:10     | Killed Erica
  1778 | D:10     | Reached skill level 5 in Shields
  1778 | D:10     | Noticed an elephant
  1792 | D:10     | Killed an elephant
  1908 | D:10     | Reached skill level 5 in Fighting
  1908 | D:10     | Reached skill level 5 in Dodging
  1917 | D:10     | Reached skill level 5 in Armour
  1941 | D:10     | Found a staircase to the Lair.
  1977 | Lair:1   | Entered Level 1 of the Lair of Beasts
  1987 | Lair:2   | Noticed a black mamba
  1995 | Lair:2   | Killed a black mamba
  2009 | Lair:2   | Noticed a black mamba
  2016 | Lair:2   | Killed a black mamba
  2017 | Lair:2   | Reached XP level 11. HP: 65/88 MP: 11/21
  2064 | Lair:2   | Reached skill level 10 in Maces & Flails
  2089 | Lair:2   | Reached **** piety under Cheibriados
  2203 | Lair:2   | Noticed Sonja
  2213 | Lair:2   | Found a gate leading to a gauntlet.
  2223 | Gauntlet | Entered a Gauntlet
  2223 | Gauntlet | Found a transporter.
  2224 | Gauntlet | Noticed a great orb of eyes
  2224 | Gauntlet | Noticed a sixfirhy
  2225 | Gauntlet | Noticed a red ugly thing
  2226 | Gauntlet | Found a transporter.
  2227 | Gauntlet | Found a transporter.
  2227 | Gauntlet | Noticed a sixfirhy
  2228 | Gauntlet | Noticed a sixfirhy
  2230 | Gauntlet | Noticed a sixfirhy
  2231 | Gauntlet | Found a transporter.
  2232 | Gauntlet | Found a transporter.
  2233 | Gauntlet | Found a transporter.
  2243 | Gauntlet | Found a transporter.
  2247 | Gauntlet | Noticed an entropy weaver
  2251 | Gauntlet | Found a transporter.
  2292 | Gauntlet | Killed a sixfirhy
  2294 | Gauntlet | Killed a sixfirhy
  2294 | Gauntlet | Killed a sixfirhy
  2295 | Gauntlet | Killed a sixfirhy
  2296 | Gauntlet | Reached XP level 12. HP: 25/97 MP: 9/22
  2346 | Gauntlet | Noticed a hell beast
  2349 | Gauntlet | Identified the +0 hat "Jocem" {Stlth+}
  2365 | Gauntlet | Noticed an obsidian statue
  2371 | Gauntlet | Noticed a sixfirhy
  2412 | Gauntlet | Identified the +0 fire dragon scales of Ihenag {rF++ rC-
                  | SInv Stlth+}
  2412 | Gauntlet | Noticed a minotaur
  2436 | Gauntlet | Killed a minotaur
  2446 | Gauntlet | Identified the staff of cold "Homaetu" {rF+ rC+ Str+3}
  2489 | Lair:2   | Killed Sonja
  2535 | Lair:3   | Noticed an eight-headed hydra
  2545 | Lair:3   | Killed an eight-headed hydra
  2621 | Lair:2   | Found a staircase to the Swamp.
  2692 | Lair:3   | Learned a level 4 spell: Petrify
  2736 | Lair:3   | Reached ***** piety under Cheibriados
  2748 | Lair:3   | Reached skill level 1 in Transmutations
  2748 | Lair:3   | Reached skill level 1 in Earth Magic
  2756 | Lair:3   | Reached skill level 1 in Invocations
  2851 | Lair:5   | Entered Level 5 of the Lair of Beasts
  2853 | Lair:5   | Noticed a skyshark
  2868 | Lair:5   | Killed a skyshark
  2870 | Lair:5   | Reached XP level 13. HP: 105/105 MP: 11/23
  2879 | Lair:5   | Noticed a death yak
  2879 | Lair:5   | Noticed a death yak
  2881 | Lair:5   | Noticed a death yak
  2898 | Lair:5   | Killed a death yak
  2904 | Lair:5   | Killed a death yak
  2923 | Lair:5   | Killed a death yak
  2944 | Lair:5   | Reached skill level 5 in Transmutations
  2944 | Lair:5   | Reached skill level 5 in Earth Magic
  3048 | Lair:5   | Reached skill level 5 in Invocations
  3081 | Lair:5   | Noticed a merfolk avatar
  3125 | Lair:5   | Noticed a boulder beetle
  3147 | Lair:5   | Found a viscous altar of Jiyva.
  3147 | Lair:5   | Found a staircase to the Slime Pits.
  3150 | Lair:5   | Reached ****** piety under Cheibriados
  3171 | Lair:5   | Noticed an eight-headed hydra
  3177 | Lair:5   | Killed an eight-headed hydra
  3202 | Lair:5   | Noticed a dire elephant
  3232 | Lair:5   | Killed a dire elephant
  3233 | Lair:5   | Reached XP level 14. HP: 64/113 MP: 14/24
  3326 | Lair:5   | Identified the +1 trident of Pain and Death {protect, Drain
                  | Dex+5}
  3585 | Lair:3   | Found a staircase to the Snake Pit.
  3889 | Orc:1    | Found Pielalel's Distillery.
  3894 | Orc:1    | Bought a potion of brilliance for 60 gold pieces
  3894 | Orc:1    | Bought a potion of curing for 45 gold pieces
  3894 | Orc:1    | Bought a potion of curing for 45 gold pieces
  3897 | Orc:1    | Noticed Maurice
  3910 | Orc:1    | Killed Maurice
  3989 | Orc:2    | Entered Level 2 of the Orcish Mines
  4177 | Orc:2    | Found a staircase to the Elven Halls.
  4558 | Orc:2    | Reached skill level 10 in Transmutations
  4594 | Orc:1    | Reached skill level 10 in Earth Magic
  4821 | D:11     | Noticed Erolcha
  5046 | D:12     | Reached skill level 10 in Invocations
  5327 | D:13     | Reached XP level 15. HP: 107/118 MP: 20/25
  5333 | D:13     | Identified the +1 flail of the Spheres {freeze, Contam Fly
                  | rElec Int+3}
  5560 | D:13     | Identified the +9 whip of Uskayaw's Grace {spect, +Blink
                  | rN+ Int-5}
  5611 | D:13     | Found a gate to the Vaults.
  6152 | D:8      | Noticed Amaemon
  6161 | D:9      | Killed Amaemon
  6206 | D:8      | Reached XP level 16. HP: 126/126 MP: 25/27
  6308 | D:7      | Noticed Pikel
  6319 | D:7      | Killed Pikel
  6345 | D:7      | Noticed Grum
  6357 | D:7      | Killed Grum
  6419 | D:7      | Found Vuyjoud's Antique Weapon Emporium.
  6452 | D:7      | Found Enian's Jewellery Emporium.
  6472 | D:7      | Found a sacrificial altar of Ru.
  6489 | D:7      | Bought the -2 hat of the Alchemist {rElec rPois rF+ rC+ rN+
                  | Will+ rMut rCorr} for 849 gold pieces
  6489 | D:7      | Found the -2 hat of the Alchemist {rElec rPois rF+ rC+ rN+
                  | Will+ rMut rCorr}
  6519 | D:7      | Bought a book of the Earth for 432 gold pieces
  6526 | D:7      | Learned a level 6 spell: Statue Form
  6643 | Snake:1  | Entered Level 1 of the Snake Pit
  6771 | Snake:1  | Found Byics's Weapon Shop.
  6906 | Snake:1  | Reached skill level 1 in Axes
  6943 | Snake:2  | Noticed a nagaraja
  6944 | Snake:2  | Noticed Vashnia
  7047 | Snake:1  | Reached XP level 17. HP: 134/134 MP: 24/28
  7227 | Snake:4  | Entered Level 4 of the Snake Pit
  7238 | Snake:4  | Reached skill level 15 in Invocations
  7384 | Snake:4  | Noticed a nagaraja
  7406 | Snake:4  | Killed a nagaraja
  7636 | Snake:4  | Reached skill level 5 in Axes
  7636 | Snake:4  | Reached skill level 10 in Shields
  7636 | Snake:4  | Gained mutation: You passively map a large area around you.
                  | [Meteoran growth]
  7636 | Snake:4  | Reached XP level 18. HP: 115/145 MP: 5/31
  7640 | Snake:4  | Got a serpentine rune of Zot
  7954 | Swamp:1  | Entered Level 1 of the Swamp
  7961 | Swamp:1  | Reached skill level 10 in Dodging
  8048 | Swamp:2  | Found a transporter.
  8051 | Swamp:2  | Noticed Manslay's ghost (adept OpCj)
  8060 | Swamp:2  | Found a transporter.
  8079 | Swamp:2  | Killed Manslay's ghost
  8082 | Swamp:2  | Identified the +1 hat "Cilius" {Int+7 Dex-3 Slay+5}
  8084 | Swamp:2  | Identified the +2 pair of boots of the Shore {rF+ rC+
                  | Dex-3}
  8434 | Swamp:3  | Reached skill level 10 in Fighting
  8486 | Swamp:2  | Learned a level 7 spell: Ozocubu's Refrigeration
  8555 | Swamp:3  | Found a runed translucent door.
  8557 | Swamp:3  | Noticed swinepaste's ghost (journeyman DsMo)
  8579 | Swamp:4  | Entered Level 4 of the Swamp
  8692 | Swamp:4  | Reached skill level 10 in Ice Magic
  8740 | Swamp:4  | Reached skill level 1 in Throwing
  8772 | Swamp:4  | Identified a scroll of acquirement
  8798 | Swamp:4  | Acquired the ring "Neyv" {Wiz Slay+6 Stlth+}
  8965 | Swamp:4  | Got a decaying rune of Zot
  9067 | Swamp:1  | Reached XP level 19. HP: 142/154 MP: 29/33
  9215 | Slime:1  | Entered Level 1 of the Pits of Slime
  9217 | Slime:1  | Gained mutation: You have hidden genetic defects. [a
                  | shining eye]
  9218 | Slime:1  | Noticed an acid blob
  9219 | Slime:1  | Gained mutation: You occasionally lose the ability to drink
                  | potions when taking damage. [mutagenic glow]
  9237 | Lair:5   | Lost mutation: You have hidden genetic defects. [potion of
                  | mutation]
  9237 | Lair:5   | Lost mutation: You occasionally lose the ability to drink
                  | potions when taking damage. [potion of mutation]
  9237 | Lair:5   | Gained mutation: Your spells are a little harder to cast,
                  | but a little more powerful. [potion of mutation]
  9336 | Slime:1  | Gained mutation: You are vulnerable to heat. (rF-) [a
                  | shining eye]
  9346 | Slime:1  | Killed an acid blob
  9352 | Slime:2  | Noticed an acid blob
  9360 | Slime:1  | Killed an acid blob
  9431 | Slime:4  | Gained mutation: Potions are less effective at restoring
                  | your health. [a shining eye]
  9455 | Slime:4  | Gained mutation: Your body sometimes deteriorates upon
                  | taking damage. [a shining eye]
  9482 | Slime:5  | Entered Level 5 of the Pits of Slime
  9487 | Slime:5  | Noticed an acid blob
  9490 | Slime:5  | Noticed an acid blob
  9493 | Slime:5  | Noticed the Royal Jelly
  9495 | Slime:5  | Noticed an acid blob
  9502 | Slime:5  | Killed an acid blob
  9502 | Slime:5  | Noticed an acid blob
  9504 | Slime:5  | Found a viscous altar of Jiyva.
  9504 | Slime:5  | Noticed an acid blob
  9508 | Slime:5  | Reached skill level 15 in Maces & Flails
  9508 | Slime:5  | Killed an acid blob
  9508 | Slime:5  | Noticed an acid blob
  9510 | Slime:5  | Noticed an acid blob
  9510 | Slime:5  | Killed an acid blob
  9510 | Slime:5  | HP: 10/200 [rockslime (5)]
  9511 | Slime:5  | Mangled by a rockslime

Illustrated notes

Levels and vault maps discovered:
D:1:      ldierk_walled_garden_2, layout_loops_ring,
          hellmonk_ecumenical_altar_dog_temple, st_stairs_12,
          wander_ebering_terrifying_dragon_lair
D:2:      layout_loops_corners, basic_altar, minmay_misc_feat_more_columns
D:3:      layout_rooms, nemelex_xobeh_ov_fountains_minmay, uniq_terence
D:4:      layout_loops_cross, kennysheep_generic_room_5, uniq_ijyb, uniq_edmund
D:5:      layout_loops_ring, kennysheep_orc_sif_temple,
          nicolae_vehumet_radiance, temple_statues, gammafunk_ghost_necromancy
D:6:      layout_basic, mainiacjoe_overflow_concentric_impassable,
          uniq_crazy_yiuf_cottage, uniq_duvessa
D:7:      layout_cave_pools, nicolae_ru_great_annihilating_truth,
          enter_bailey_7, serial_gnoll_camp, gnoll_camp_mini_sergeant,
          gnoll_camp_huts_moat, grums_kennel, gnoll_camp_mini_doghouse,
          gnoll_camp_mini_shop, serial_shops, shop, nicolae_stop_n_shop_2, shop,
          nicolae_shop_tiny_glass, shop, uniq_menkaure, uniq_pikel
D:8:      layout_basic, uniq_amaemon
D:9:      layout_roguey, david_orc_3, serial_shops, shop_fountains,
          serial_rivers, chequers_serial_rivers_large_a,
          chequers_serial_rivers_micro_c, chequers_serial_rivers_room_b,
          chequers_serial_rivers_micro_c
D:10:     layout_gridville, david_lair_generic, kennysheep_cross_room,
          uniq_snorg, uniq_erica
D:11:     layout_cave_pools, uniq_erolcha
D:12:     layout_stronghold
D:13:     hellmonk_ruined_rings, layout_cave_pools, david_vaults_1
D:14:     layout_loops_ring, kennysheep_generic_room_13
Temple:   hellmonk_temple_divided_pantheon
Lair:1:   layout_chaotic_city, beast_lair_carwin_4, grunt_megastairs_1
Lair:2:   layout_cave_pods, swamp_mist, gauntlet_entry_generic, uniq_sonja
Lair:3:   layout_hall_layers, nicolae_snake_entry_squirm
Lair:4:   layout_cave_pods
Lair:5:   gammafunk_lair_ancient_temple, layout_small_grid,
          dpeg_slime_entry_enclosed, ebering_ghost_reflecting_pool,
          fungi_pond_lemuel, st_stairs_5, pdpol_lair_neglected_garden,
          patterned_corridor
Swamp:1:  layout_basic_swamp, ebering_ghost_xom, evilmike_swamp_ruin_house_1,
          infiniplex_staircase_pool
Swamp:2:  layout_basic_swamp, gammafunk_ghost_berserking_beasts,
          evilmike_swamp_ruin_house_2, swamp_pool1
Swamp:3:  layout_basic_swamp, ebering_ghost_inner_flame,
          nicolae_swamp_small_spring
Swamp:4:  swamp_icy, layout_basic_swamp
Snake:1:  layout_rooms, serial_shops, shop_statue, serial_bayou_pond_b,
          nrook_guardian_serpent_double, grunt_megastairs_3
Snake:2:  layout_rooms, grunt_megastairs_2, uniq_vashnia
Snake:3:  layout_chambers, gammafunk_ghost_grave, grunt_ministairs_6,
          nicolae_take_the_stairs, minmay_shop_star, uniq_louise
Snake:4:  snake_pit_salamanders_mu, layout_cave_town, lemuel_fruit_tree
Slime:1:  layout_caves, basic_altar
Slime:2:  layout_caves
Slime:3:  layout_caves
Slime:4:  layout_caves, nicolae_slime_barrier
Slime:5
Orc:1:    dreamdust_under_siege, layout_caves, serial_shops,
          nicolae_shop_rolling_square, nicolae_orc_flooded_monolith,
          library_closet, uniq_maurice
Orc:2:    st_orc_pillars, layout_caves

Skill      XL: |  1  2  3  4  5  6  7  8  9 10 11 12 13 14 15 16 17 18 19 |
---------------+----------------------------------------------------------+-----
Spellcasting   | 3 4 5 6 8 9 |  9.5
Ice Magic      | 5 6 7 8 9 11 12 | 12.6
Maces & Flails | 1 3 4 6 9 11 13 14 15 | 15.1
Summonings     | 2 3 4 |  4.0
Shields        | 1 2 4 6 7 8 10 | 10.9
Fighting       | 3 5 6 7 8 9 10 | 10.0
Armour         | 3 5 7 |  7.9
Dodging        | 3 5 7 8 9 11 | 11.6
Transmutations | 3 8 10 11 12 | 12.0
Earth Magic    | 3 8 10 11 12 13 | 13.9
Invocations    | 2 6 10 13 14 15 | 15.0
Axes           | 2 5 |  5.3
Stealth        | 3 4 |  4.5
Throwing       | 2 4 |  4.2

Action                     |  1- 3 |  4- 6 |  7- 9 | 10-12 | 13-15 | 16-18 | 19-21 || total
---------------------------+-------+-------+-------+-------+-------+-------+-------++-------
  Melee: Unarmed           |     3 |       |       |       |       |       |       ||     3
         Spear             |     2 |     4 |       |       |       |       |       ||     6
         Flail             |       |    12 |    80 |   139 |   441 |   537 |     8 ||  1217
         Punch             |       |       |     1 |       |       |       |       ||     1
         Demon whip        |       |       |       |       |     6 |    33 |       ||    39
         Morningstar       |       |       |       |       |       |       |    96 ||    96
  Throw: Dart              |       |       |     3 |       |     1 |       |       ||     4
         Javelin           |       |       |       |       |       |     1 |     5 ||     6
   Cast: Freeze            |    14 |     8 |     1 |    11 |    10 |     4 |       ||    48
         Frozen Ramparts   |     2 |     9 |    19 |    28 |    63 |    62 |     4 ||   187
         Ozocubu's Armour  |     1 |     3 |    19 |    24 |    38 |     3 |       ||    88
         Summon Ice Beast  |       |       |    13 |    23 |    49 |    57 |    10 ||   152
         Petrify           |       |       |       |       |     5 |       |       ||     5
         Statue Form       |       |       |       |       |       |    46 |     8 ||    54
         Ozocubu's Refrige |       |       |       |       |       |       |     4 ||     4
 Invoke: Slouch            |       |       |       |       |     6 |     9 |     3 ||    18
         Step From Time    |       |       |       |       |       |     1 |       ||     1
Ability: End Transformatio |       |       |       |       |       |     3 |     3 ||     6
  Evoke: Wand              |       |       |       |     1 |    10 |     8 |       ||    19
    Use: Potion            |       |     1 |     2 |     3 |     3 |       |     2 ||    11
         Scroll            |       |     5 |     4 |    11 |     7 |     6 |     6 ||    39
   Stab: Distracted        |       |       |       |     1 |     6 |     9 |       ||    16
         Petrified         |       |       |       |       |    14 |       |       ||    14
         Sleeping          |       |       |       |       |     1 |     1 |     1 ||     3
 Armour: Robe              |     3 |     7 |    39 |       |       |       |       ||    49
         Troll leather arm |       |       |    33 |   101 |   126 |    37 |       ||   297
         Skin              |       |       |       |     4 |       |   368 |    73 ||   445
         Fire dragon scale |       |       |       |     1 |       |       |       ||     1
  Dodge: Dodged            |    11 |    14 |    47 |   130 |   294 |   784 |   178 ||  1458
  Block: Buckler           |       |       |    22 |    94 |   222 |   164 |       ||   502
         Kite shield       |       |       |       |       |       |   572 |   175 ||   747
